 Dungeon Sprint DCSS version bcrawl-1.21.2-1-g32d02e0829 (webtiles) character file.

Game seed: 975963087751267661

42742 MordorOrchid the Stinger (level 14, -8/132 HPs)
             Began as an Oni Fire Elementalist on Feb 19, 2020.
             Was the Champion of Sif Muna.
             Killed from afar by a rakshasa (illusionary) (29 damage)
             ... with an orb of energy
             ... in the Dungeon (Sprint IX: "|||||||||||||||||||||||||||||").
             The game lasted 00:36:12 (3610 turns).

MordorOrchid the Stinger (Oni Fire Elementalist)    Turns: 3610, Time: 00:36:13

Health: -8/132     AC: 18    Str: 12    XL:     14   Next: 21%
Magic:  16/46      EV: 18    Int: 20    God:    Sif Muna [******]
Gold:   18         SH:  0    Dex: 13    Spells: 10/47 levels left

rFire    . . .     SeeInvis .   x - staff of energy
rCold    . . .     Gourm    .   (no shield)
rNeg     . . .     Faith    .   o - +2 ring mail
rPois    .         Spirit   .   (helmet restricted)
rElec    .         Reflect  .   (no cloak)
rCorr    .         Harm     .   z - +0 pair of gloves
MR       +....     NoTele   +   m - +0 pair of boots
Stlth    ++........             (no amulet)
HPRegen  0.32/turn              u - +6 ring of protection
MPRegen  0.30/turn              E - ring of magical power

@: divine energy
A: oni magic, claws 1, fangs 1, horns 1
a: Stop Divine Energy, Channel Magic, Forget Spell, Renounce Religion


You were in the Dungeon.
You worshipped Sif Muna.
Sif Muna was exalted by your worship.
You were near starving.

You visited 1 branch You collected 1800 gold pieces.
You spent 1782 gold pieces at shops.

Inventory:

Hand Weapons
 a - a +2 scimitar of flaming
 y - a +4 rapier of venom
 B - a +3 dagger of chaos
 K - a +2 shortbow of velocity
 L - the +1 hand crossbow "Ubym" {freeze, rPois}
   (You found it in the Dungeon)

   It causes projectiles fired from it to freeze those they strike, causing
   extra injury to most foes and up to half again as much damage against
   particularly susceptible opponents.
   They can also slow down cold-blooded creatures.
   It protects you from poison.
Missiles
 c - 366 stones (quivered)
 l - 61 poisoned needles
 q - 106 tomahawks
 C - 392 bolts
 P - a throwing net {!f}
 Q - 17 javelins
 R - 214 sling bullets
Armour
 m - a +0 pair of boots (worn)
 n - a +0 animal skin
 o - a +2 ring mail (worn)
 r - a +0 troll leather armour
 z - a +0 pair of gloves (worn)
Magical Staves
 x - an uncursed staff of energy (weapon)
Jewellery
 u - a +6 ring of protection (left hand)
 D - an uncursed ring of wizardry
 E - a ring of magical power (right hand)
 H - an uncursed ring of protection from fire
 I - an uncursed ring of poison resistance
 J - an uncursed ring of see invisible
Wands
 k - a wand of acid (4)
 A - a wand of enslavement (2)
 F - a wand of clouds (3)
Scrolls
 g - 5 scrolls of remove curse
 i - 3 scrolls of amnesia
 j - 2 scrolls of blinking
 p - 2 scrolls of enchant armour
 v - a scroll of identify
 w - a scroll of fog
 O - a scroll of fear
Potions
 d - 3 potions of curing
 f - 10 potions of heal wounds
 h - 4 potions of magic
 s - a potion of agility
 t - 2 potions of haste
 M - 2 potions of resistance
 N - a potion of might
Miscellaneous
 G - a lightning rod (3/4)
Comestibles
 e - 13 rations {!d}


   Skills:
 * Level 14.2 Fighting
 - Level 9.3 Short Blades
 * Level 4.1 Throwing
 * Level 10.7 Armour
 + Level 13.9 Dodging
 - Level 3.3 Stealth
 - Level 6.0 Unarmed Combat
 + Level 17.4 Spellcasting
   Level 17.4 Conjurations
   Level 17.4 Hexes
   Level 17.4 Charms
   Level 17.4 Summonings
   Level 17.4 Necromancy
   Level 17.4 Translocations
   Level 17.4 Transmutations
   Level 17.4 Fire Magic
   Level 17.4 Ice Magic
   Level 17.4 Air Magic
   Level 17.4 Earth Magic
   Level 17.4 Poison Magic
 - Level 6.3 Invocations
 * Level 9.9 Evocations


You had 10 spell levels left.
You knew the following spells:

 Your Spells              Type           Power        Failure   Level  Hunger
a - Flame Tongue          Conj/Fire      #####        0%          1    None
b - Sticks to Snakes      Tmut           #######.     0%          2    None
c - Conjure Flame         Conj/Fire      ######..     0%          3    None
d - Inner Flame           Hex/Fire       N/A          0%          3    None
e - Sticky Flame          Conj/Fire      ######..     1%          4    None
f - Fireball              Conj/Fire      ######....   1%          5    ##.....
s - Summon Mana Viper     Hex/Summ       ######..     1%          5    ##.....
y - Ice Form              Ice/Tmut       ######..     1%          4    None
J - Fulminant Prism       Conj/Hex       ######....   1%          4    None
S - Summon Hydra          Summ           #######...   1%          6    #####..

Your spell library contained the following spells:

 Spells                   Type           Power        Failure   Level  Hunger
 Sting                    Conj/Pois      ####         0%          1    None
 Flaming Arrows           Chrm/Fire      ######..     0%          2    None
 Portal Projectile        Tloc           ######       0%          3    None


Dungeon Overview and Level Annotations

Branches:
Dungeon (1/1)

Altars:
Cheibriados
Dithmenos
Elyvilon
Fedhas
Gozag
Hepliaklqana
Kikubaaqudgha
Lugonu
Makhleb
Nemelex Xobeh
Okawaru
Qazlal
Ru
Sif Muna
Trog
Uskayaw
Vehumet
Wu Jian
Xom
Yredelemnul
Zin
The Shining One
Beogh
Jiyva

Shops:
D %}}=


Innate Abilities, Weirdness & Mutations

You learn spells by gaining experience, not through books or religion.
You only train spellcasting to practice magic.
You have sharp fingernails.
You have very sharp teeth.
You have a pair of small horns on your head.


Message History

Press: ? - help, Dir - move target cursor, f - rakshasa
Aim: a rakshasa, wielding a +0 long sword and wearing a cursed +0 robe (severely wounded)
You create a blast of poison gas!
No path to travel!
Evoke which item? (* to show all) (? for menu, Esc to quit)
Aiming: Thunderbolt
Press: ? - help, Shift-Dir - straight line, f/p - rakshasa
Aim: a rakshasa, wielding a +0 long sword and wearing a cursed +0 robe (poison gas, severely wounded)
The thunderbolt hits the fire dragon.
The fire dragon is lightly wounded.
The thunderbolt hits the rakshasa.
The rakshasa is severely wounded.
The thunderbolt hits the rakshasa but does no damage.
The rakshasa is severely wounded.
The thunderbolt hits the rakshasa!
The rakshasa is almost dead.
You are near starving!
The rakshasa gestures at you. The orb of energy hits you!!
You die...

.▓.▓.▓.▓.▓.▓.▓.▓.▓.▓
.▓.▓.▓.▓.▓.▓.▓.▓.▓.▓
.▓.▓.▓.▓.▓.▓.▓.▓.▓.▓
.▓.▓.▓.▓.▓.▓.▓.▓D▓.▓
.▓.▓.▓.▓.▓.▓.▓.▓R▓.▓
.▓.▓.▓.▓.▓.▓.▓.▓R▓.▓
.▓'▓.▓.▓.▓.▓.▓.▓§▓C▓
.▓.▓.▓.▓.▓)▓.▓.▓R▓.▓
.▓.▓.▓.▓.▓'▓.▓.▓@▓.▓
.▓.▓.▓.▓.▓.▓.▓.▓.▓§▓
.▓†▓.▓.▓.▓)▓.▓.▓.▓.▓
.▓÷▓.▓.▓.▓=▓.▓.▓.▓.▓
.▓.▓.▓'▓.▓.▓.▓†▓.▓.▓
.▓=▓.▓)▓.▓.▓.▓.▓.▓.▓
.▓[▓.▓)▓.▓.▓.▓'▓.▓C▓
.▓.▓.▓)▓.▓)▓.▓.▓.▓)▓
.▓.▓.▓)▓.▓)▓.▓.▓.▓'▓


You could see a fire dragon and 3 rakshasas.

Vanquished Creatures
  Kirke (D)
  A nagaraja (D)
  A ghost moth (D)
  A very ugly thing (D)
  An ettin (D)
  A merfolk impaler (D)
  A fire dragon (D)
  A great orb of eyes (D)
  An ice dragon (D)
  A rakshasa (D)
  A hydra (D)
  Psyche (D)
  2 naga warriors (D)
  A shambling mangrove (D)
  3 ogre magi (D)
  9 two-headed ogres (D)
  A tengu warrior (D)
  A death drake (D)
  An unseen horror (D)
  2 sea snakes (D)
  A mana viper (D)
  5 orc knights (D)
  3 wolf spiders (D)
  An ugly thing (D)
  2 manticores (D)
  Joseph (D)
  5 black mambas (D)
  A naga mage (D)
  6 cane toads (D)
  A yaktaur (D)
  A kobold demonologist (D)
  A demonic crawler (D)
  6 polar bears (D)
  A jumping spider (D)
  2 trolls (D)
  2 merfolk (D)
  4 hornets (D)
  A tyrant leech (D)
  A slime creature (D)
  A blink frog (D)
  3 hippogriffs (D)
  A redback (D)
  2 humans (D)
  2 water elementals (D)
  A tarantella (D)
  A hungry ghost (D)
  2 crocodiles (D)
  3 water moccasins (D)
  A porcupine (D)
  2 swamp drakes (D)
  3 black bears (D)
  7 orc warriors (D)
  A phantom (D)
  A sky beast (D)
  2 ice beasts (D)
  3 ogres (D)
  A wolf (D)
  2 bullfrogs (D)
  3 scorpions (D)
  A crimson imp (D)
  3 orc priests (D)
  2 hounds (D)
  A jelly (D)
  5 orc wizards (D)
  5 orcs (D)
  2 bats (D)
  A bat skeleton (D)
  2 bat zombies (D)
  A giant cockroach (D)
  A goblin (D)
  A jackal (D)
  A frilled lizard (D)
  A leopard gecko skeleton (D)
146 creatures vanquished.

Vanquished Creatures (collateral kills)
  A frost giant (D)
  A fire giant (D)
  A fire dragon (D)
3 creatures vanquished.

Vanquished Creatures (others)
  14 fulminant prisms (D)
14 creatures vanquished.

Grand Total: 163 creatures vanquished

Notes
Turn   | Place    | Note
-------+----------+-------------------------------------------
     0 | D        | MordorOrchid the Oni Fire Elementalist began the quest for
                  | the Orb.
     0 | D        | Reached XP level 1. HP: 14/14 MP: 4/4
     6 | D        | Reached skill level 1 in Fighting
     7 | D        | Reached skill level 2 in Spellcasting
    64 | D        | Reached XP level 2. HP: 23/23 MP: 4/7
    94 | D        | Noticed a hungry ghost
    94 | D        | Noticed a crimson imp
   103 | D        | Reached skill level 3 in Spellcasting
   103 | D        | Reached XP level 3. HP: 21/31 MP: 0/9
   120 | D        | Reached XP level 4. HP: 23/40 MP: 0/11
   137 | D        | Killed a hungry ghost
   137 | D        | Reached skill level 5 in Fighting
   137 | D        | Reached skill level 5 in Dodging
   137 | D        | Reached skill level 5 in Spellcasting
   137 | D        | Reached XP level 5. HP: 11/50 MP: 2/15
   176 | D        | Reached XP level 6. HP: 7/57 MP: 9/16
   182 | D        | Learned a level 4 spell: Sticky Flame
   186 | D        | Learned a level 3 spell: Conjure Flame
   192 | D        | Learned a level 5 spell: Fireball
   195 | D        | Learned a level 2 spell: Sticks to Snakes
   211 | D        | Found a roughly hewn altar of Beogh.
   211 | D        | Found a snail-covered altar of Cheibriados.
   211 | D        | Found a shadowy altar of Dithmenos.
   211 | D        | Found a white marble altar of Elyvilon.
   211 | D        | Found a blossoming altar of Fedhas.
   211 | D        | Found an opulent altar of Gozag.
   212 | D        | Found a hazy altar of Hepliaklqana.
   213 | D        | Found a viscous altar of Jiyva.
   214 | D        | Found an ancient bone altar of Kikubaaqudgha.
   215 | D        | Found a corrupted altar of Lugonu.
   216 | D        | Found a burning altar of Makhleb.
   217 | D        | Found a sparkling altar of Nemelex Xobeh.
   218 | D        | Found an iron altar of Okawaru.
   219 | D        | Found a stormy altar of Qazlal.
   220 | D        | Found a sacrificial altar of Ru.
   221 | D        | Found a shimmering blue altar of Sif Muna.
   222 | D        | Found a bloodstained altar of Trog.
   223 | D        | Found a hide-covered altar of Uskayaw.
   224 | D        | Found a radiant altar of Vehumet.
   225 | D        | Found an ornate altar of the Wu Jian Council.
   226 | D        | Found a shimmering altar of Xom.
   227 | D        | Found a basalt altar of Yredelemnul.
   228 | D        | Found a glowing silver altar of Zin.
   229 | D        | Found a glowing golden altar of the Shining One.
   246 | D        | Became a worshipper of Sif Muna the Loreminder
   429 | D        | Noticed an ice beast
   429 | D        | Noticed a green ugly thing
   429 | D        | Noticed a sky beast
   435 | D        | Killed an ice beast
   435 | D        | Reached skill level 6 in Spellcasting
   441 | D        | Killed a green ugly thing
   441 | D        | Reached * piety under Sif Muna
   441 | D        | Reached ** piety under Sif Muna
   441 | D        | Reached skill level 7 in Spellcasting
   441 | D        | Reached skill level 5 in Evocations
   441 | D        | Reached XP level 7. HP: 31/63 MP: 1/20
   446 | D        | Learned a level 3 spell: Inner Flame
   458 | D        | Reached skill level 8 in Spellcasting
   588 | D        | Reached *** piety under Sif Muna
   588 | D        | Reached XP level 8. HP: 68/70 MP: 16/22
   616 | D        | Noticed a kobold demonologist
   616 | D        | Noticed a troll
   616 | D        | Noticed a troll
   619 | D        | Reached skill level 1 in Invocations
   620 | D        | Killed a kobold demonologist
   620 | D        | Killed a troll
   620 | D        | Reached **** piety under Sif Muna
   620 | D        | Reached skill level 9 in Spellcasting
   625 | D        | Killed a troll
   625 | D        | Reached skill level 5 in Invocations
   756 | D        | Noticed a cane toad
   756 | D        | Noticed a blink frog
   756 | D        | Noticed a hippogriff
   756 | D        | Noticed a cane toad
   756 | D        | Noticed a cane toad
   760 | D        | Killed a cane toad
   760 | D        | Reached skill level 1 in Short Blades
   760 | D        | Reached XP level 9. HP: 75/79 MP: 8/24
   768 | D        | Reached ***** piety under Sif Muna
   768 | D        | Reached skill level 10 in Dodging
   773 | D        | Killed a cane toad
   773 | D        | Reached skill level 10 in Spellcasting
   779 | D        | Killed a cane toad
   780 | D        | Noticed a black mamba
  1130 | D        | Killed a black mamba
  1130 | D        | Reached XP level 10. HP: 87/90 MP: 15/26
  1196 | D        | Reached skill level 11 in Spellcasting
  1200 | D        | Reached ****** piety under Sif Muna
  1261 | D        | Noticed a cane toad
  1269 | D        | Killed a cane toad
  1496 | D        | Reached skill level 10 in Fighting
  1508 | D        | Reached skill level 12 in Spellcasting
  1677 | D        | Noticed Psyche
  1682 | D        | Killed Psyche
  1682 | D        | Reached skill level 1 in Armour
  1682 | D        | Reached XP level 11. HP: 101/101 MP: 8/29
  1737 | D        | Reached skill level 5 in Short Blades
  1745 | D        | Noticed an orc knight
  1756 | D        | Killed an orc knight
  1881 | D        | Noticed an orc knight
  1881 | D        | Noticed an orc knight
  1890 | D        | Killed an orc knight
  1895 | D        | Killed an orc knight
  1895 | D        | Noticed an orc knight
  1901 | D        | Reached skill level 13 in Spellcasting
  1903 | D        | Noticed an orc knight
  1907 | D        | Killed an orc knight
  1913 | D        | Killed an orc knight
  1979 | D        | Learned a level 4 spell: Fulminant Prism
  1980 | D        | Found Utuergh's Food Emporium.
  1980 | D        | Noticed a two-headed ogre
  1980 | D        | Noticed a two-headed ogre
  1980 | D        | Noticed a two-headed ogre
  1980 | D        | Noticed a two-headed ogre
  1980 | D        | Noticed a two-headed ogre
  1995 | D        | Killed a two-headed ogre
  1995 | D        | Killed a two-headed ogre
  1995 | D        | Reached skill level 5 in Armour
  2003 | D        | Killed a two-headed ogre
  2003 | D        | Killed a two-headed ogre
  2003 | D        | Reached skill level 14 in Spellcasting
  2005 | D        | Noticed a two-headed ogre
  2015 | D        | Killed a two-headed ogre
  2015 | D        | Reached XP level 12. HP: 93/110 MP: 14/32
  2017 | D        | Killed a two-headed ogre
  2034 | D        | Found Zoubien's Gadget Shoppe.
  2044 | D        | Learned a level 5 spell: Summon Mana Viper
  2044 | D        | Found Moaku's Gadget Emporium.
  2046 | D        | Noticed a two-headed ogre
  2049 | D        | Noticed an ogre mage
  2051 | D        | Noticed a two-headed ogre
  2056 | D        | Killed a two-headed ogre
  2057 | D        | Noticed an ogre mage
  2058 | D        | Noticed a two-headed ogre
  2063 | D        | Killed an ogre mage
  2065 | D        | Killed a two-headed ogre
  2065 | D        | Killed an ogre mage
  2068 | D        | Found Ecraih's Jewellery Shoppe.
  2077 | D        | Killed a two-headed ogre
  2105 | D        | Bought an uncursed ring of wizardry for 360 gold pieces
  2105 | D        | Bought an uncursed ring of magical power for 240 gold
                  | pieces
  2107 | D        | Bought a wand of clouds (5) for 324 gold pieces
  2107 | D        | Bought a lightning rod (4/4) for 480 gold pieces
  2109 | D        | Bought a wand of clouds (2) for 198 gold pieces
  2111 | D        | Bought a ration for 60 gold pieces
  2111 | D        | Bought a ration for 60 gold pieces
  2111 | D        | Bought a ration for 60 gold pieces
  2223 | D        | Got the cursed +1 hand crossbow "Ubym" {freeze, rPois}
  2233 | D        | Got the +2 plate armour "Qaod" {MP+9 Str+3}
  2265 | D        | Noticed an ogre mage
  2274 | D        | Reached skill level 15 in Spellcasting
  2275 | D        | Paralysed by an ogre mage for 2 turns
  2278 | D        | Killed an ogre mage
  2279 | D        | Noticed a rakshasa
  2292 | D        | Noticed a great orb of eyes
  2292 | D        | Killed a rakshasa
  2297 | D        | Killed a great orb of eyes
  2297 | D        | Noticed a fire dragon
  2340 | D        | Learned a level 4 spell: Ice Form
  2351 | D        | Noticed an ice dragon
  2360 | D        | Killed an ice dragon
  2361 | D        | Killed a fire dragon
  2381 | D        | Noticed an ettin
  2388 | D        | Killed an ettin
  2412 | D        | Noticed a red very ugly thing
  2424 | D        | Killed a red very ugly thing
  2424 | D        | Reached XP level 13. HP: 59/119 MP: 12/34
  2788 | D        | Reached skill level 16 in Spellcasting
  2788 | D        | Reached skill level 1 in Unarmed Combat
  2797 | D        | Noticed a ghost moth
  2801 | D        | Killed a ghost moth
  3075 | D        | Noticed a nagaraja
  3085 | D        | Killed a nagaraja
  3118 | D        | Noticed a merfolk impaler
  3119 | D        | Reached skill level 5 in Unarmed Combat
  3138 | D        | Killed a merfolk impaler
  3201 | D        | Reached skill level 10 in Armour
  3202 | D        | Reached skill level 1 in Throwing
  3210 | D        | Reached skill level 17 in Spellcasting
  3214 | D        | Reached XP level 14. HP: 19/130 MP: 16/37
  3250 | D        | Noticed Kirke
  3256 | D        | Killed Kirke
  3310 | D        | Noticed Joseph
  3345 | D        | Killed Joseph
  3410 | D        | Learned a level 6 spell: Summon Hydra
  3554 | D        | Noticed a frost giant
  3554 | D        | Noticed a fire giant
  3561 | D        | Killed a frost giant
  3595 | D        | Killed a fire giant
  3607 | D        | HP: 2/132 [rakshasa (illusionary)/orb of energy (23)]
  3610 | D        | Killed from afar by a rakshasa (illusionary)

Skill      XL: |  1  2  3  4  5  6  7  8  9 10 11 12 13 14 |
---------------+-------------------------------------------+-----
Dodging        | 2 3 4 5 6 8 9 10 11 12 13 | 13.9
Fighting       | 1 3 5 6 7 8 10 11 12 13 14 | 14.2
Spellcasting   | 2 3 5 7 8 9 10 12 14 15 17 | 17.4
Evocations     | 5 6 9 |  9.9
Invocations    | 5 6 |  6.3
Short Blades   | 1 4 7 9 |  9.3
Stealth        | 2 3 |  3.3
Armour         | 1 5 8 10 | 10.7
Unarmed Combat | 6 |  6.0
Throwing       | 2 4 |  4.1
Conjurations   | | 17.4
Hexes          | | 17.4
Charms         | | 17.4
Summonings     | | 17.4
Necromancy     | | 17.4
Translocations | | 17.4
Transmutations | | 17.4
Fire Magic     | | 17.4
Ice Magic      | | 17.4
Air Magic      | | 17.4
Earth Magic    | | 17.4
Poison Magic   | | 17.4

Action                   |  1- 3 |  4- 6 |  7- 9 | 10-12 | 13-15 || total
-------------------------+-------+-------+-------+-------+-------++-------
Melee: Unarmed           |    11 |    44 |       |    19 |       ||    74
       Headbutt          |       |     4 |     4 |     1 |     1 ||    10
       Bite              |       |     1 |       |       |       ||     1
       Rapier            |       |     3 |    17 |       |       ||    20
       Staff             |       |       |       |     1 |     3 ||     4
       Dagger            |       |       |       |       |     4 ||     4
 Fire: Hand crossbow     |       |       |       |       |     9 ||     9
Throw: Stone             |       |       |     8 |       |       ||     8
 Cast: Flame Tongue      |    13 |     1 |     6 |    78 |    28 ||   126
       Conjure Flame     |       |     3 |     7 |    18 |     7 ||    35
       Sticky Flame      |       |     1 |     7 |     7 |    13 ||    28
       Fireball          |       |       |     4 |    65 |    41 ||   110
       Inner Flame       |       |       |       |    10 |     6 ||    16
       Fulminant Prism   |       |       |       |     9 |     5 ||    14
       Ice Form          |       |       |       |     1 |       ||     1
       Summon Mana Viper |       |       |       |       |     1 ||     1
       Summon Hydra      |       |       |       |       |     4 ||     4
Invok: Divine Energy     |       |       |     1 |       |       ||     1
       Channel Magic     |       |       |     1 |    18 |    11 ||    30
 Abil: End Transformatio |       |       |       |       |     1 ||     1
Evoke: Wand              |       |       |     3 |     5 |     4 ||    12
       Lightning rod     |       |       |       |       |     5 ||     5
  Use: Potion            |     2 |     1 |     1 |       |     2 ||     6
       Scroll            |       |       |       |     4 |     1 ||     5
 Stab: Invisible         |       |     2 |     1 |       |       ||     3
  Eat: Chunk             |       |     3 |     4 |    20 |     5 ||    32
       Ration            |       |       |       |       |     1 ||     1
Armor: Animal skin       |     4 |     6 |     4 |     7 |       ||    21
       Ring mail         |       |       |       |     2 |    40 ||    42
       Skin              |       |       |       |    15 |       ||    15
Dodge: Dodged            |     9 |    25 |    23 |    74 |    65 ||   196
